 Dungeon Crawl Stone Soup version 0.31-b1-20-g67cafac56d (webtiles) character file.

Game seed: 3260104231862268995

11487 hawla the Gouger (level 11, -5/54 HPs)
             Began as a Felid Shapeshifter on Jan 17, 2024.
             Was a Priest of Makhleb.
             Killed by divine providence
             ... invoked by an orc priest
              (17 damage)
             ... on level 10 of the Dungeon.
             The game lasted 00:36:45 (11653 turns).

hawla the Gouger (Felid Shapeshifter)              Turns: 11653, Time: 00:36:46

Health: -5/54      AC:  2    Str: 20    XL:     11   Next: 50%
Magic:  17/17      EV: 24    Int: 14    God:    Makhleb [***...]
Gold:   322        SH:  0    Dex: 18    Spells: 10/10 levels left
                                        Lives:  0   Deaths: 4

rFire   . .          .
                       - Unarmed
rCold   + . .        (shield unavailable)
rNeg    . . .        (body armour unavailable)
rPois   .            (helmet unavailable)
rElec   .            (cloak unavailable)
rCorr   .            (gloves unavailable)
SInv    +            (boots unavailable)
Will    +....        (no amulet)
Stlth   ++           k - ring of flight
HPRegen 0.29/turn    l - +6 ring of strength
MPRegen 0.15/turn

%: no passive effects
@: flux-form, flying, glowing
A: glow, contaminating, very small, claws 1, fangs 3, see invisible, shaggy fur
2, stealthy paws, no weapons or thrown items, no armour, multi-lived, thin
skeletal structure 1, cold resistance 1
a: Begin Untransformation, Renounce Religion, Minor Destruction, Lesser Servant
of Makhleb


You were on level 10 of the Dungeon.
You worshipped Makhleb.
Makhleb was most pleased with you.
You were something dangerously unstable.
You visited 1 branch of the dungeon, and saw 10 of its levels.

You collected 592 gold pieces.
You spent 270 gold pieces at shops.

Inventory:

Jewellery
 j - a ring of protection from cold
 k - a ring of flight (left paw)
 l - a +6 ring of strength (right paw)
 n - a ring of positive energy
 p - a ring of protection from cold
Talismans
 b - a beast talisman
 c - a flux talisman (active)
 d - a blade talisman
 e - a talisman of death
Wands
 i - a wand of charming (4) (quivered)
Scrolls
 a - a scroll of fog
 s - a scroll of identify
Potions
 f - a potion of curing
 g - a potion of brilliance
 h - 3 potions of magic
 o - 2 potions of enlightenment
 q - a potion of invisibility {unknown}
 r - a potion of ambrosia
 t - a potion of resistance {unknown}
Miscellaneous
 m - a condenser vane (inert)


   Skills:
 - Level 4.7 Fighting
 - Level 5.6 Dodging
 - Level 2.4 Stealth
 + Level 12.7 Unarmed Combat
 + Level 6.8 Invocations
 - Level 3.3 Evocations
 + Level 8.3 Shapeshifting


You had 10 spell levels left.
You didn't know any spells.
Your spell library was empty.

Dungeon Overview and Level Annotations

Branches:
Dungeon (10/15)            Temple (0/1) D:5            Lair (0/5) D:9
    Orc: D:9-12

Altars:
Cheibriados
Dithmenos
Elyvilon
Gozag
Kikubaaqudgha
Makhleb
Nemelex Xobeh
Qazlal
Sif Muna
Trog
Vehumet
Xom
Yredelemnul
Zin

Shops:
D:2 :   D:6 !

Annotations:
D:5 1 runed translucent door
D:10 Lodul


Innate Abilities, Weirdness & Mutations

You are something dangerously unstable.
You glow with magical radiation, making you easy to see and hit.
Foes you strike become dangerously contaminated with magical radiation.
You have sharp claws.
You have razor-sharp teeth.
You have supernaturally acute eyesight. (SInv)
You are covered in thick fur. (AC +2)
Your paws help you pounce on unaware monsters.
You are incapable of wielding weapons or throwing items.
You cannot wear armour.
You gain extra lives every three experience levels.
You have a somewhat thin skeletal structure. (Dex +2, Stealth+)
Your flesh is cold resistant. (rC+)


Message History

The orc completely misses you.
You barely miss the orc.
The orc is heavily wounded.
The orc misses you.
You claw the orc!
You kill the orc!
Makhleb accepts your kill.
You scratch the ogre.
The ogre begins to glow.
The ogre is moderately wounded.
The ogre hits you with a +0 giant spiked club!!
Ouch! That really hurt!
You claw the ogre!
The ogre glows dangerously bright.
You bite the ogre, but do no damage.
The ogre is severely wounded.
You claw the ogre!
You kill the ogre!
Makhleb accepts your kill.
You feel better.
You start resting.
An orc priest comes into view. It is wielding a +0 flail.
Aiming: Minor Destruction (1% risk of failure)
Press: ? - help, Shift-Dir - straight line, f - you
Okay, then.
The orc priest shouts!
The orc priest invokes the aid of Beogh against you.
Beogh smites you!
* * * LOW HITPOINT WARNING * * *
Things that are here:
a +0 giant spiked club; a +0 hand axe
Aiming: Minor Destruction (1% risk of failure)
Press: ? - help, Shift-Dir - straight line
Okay, then.
Aiming: Minor Destruction (1% risk of failure)
Press: ? - help, Shift-Dir - straight line, f - orc priest
Aim: an orc priest, wielding a +0 flail The stone arrow hits the orc priest!
The orc priest is almost dead.
The orc priest calls down the wrath of Beogh upon you.
Beogh smites you!
You die...

.#.....#######................#..
.#......# ###########..)....#..
.#......# #.........#.......#..
.'......#.. #.........#.......#..
.#......#...#.........#.......#..
.#......+...#.........#.......#..
.#......##..####.##...#.......###
####.....#..####)##.[.###'##### #
#.....#......p.............#
#.....#....................#
#.....#...................####
oO.+.....#...................##..
O8.......###.o##..##..#########..
O#....#+####..##..##..###....##..
#....#......................)...
#....#......................##..
#....#......................##..


You could see an orc priest.

Vanquished Creatures
  Erolcha (D:10)
  A centaur warrior (D:10)
  4 two-headed ogres
  Pikel (D:5)
  A cyclops (D:10)
  A rime drake (D:9)
  A kobold demonologist (D:6)
  3 trolls
  4 dream sheep (D:9)
  The ghost of MysticSailboat the Zephyrmancer, an amateur TeAE of Vehumet (D:5)
  A vampire (D:10)
  10 yaks (D:10)
  A wyvern (D:9)
  An acid dragon (D:9)
  3 ice beasts
  A sky beast (D:6)
  2 black bears
  2 ogres
  A wolf (D:9)
  4 centaurs
  4 bullfrogs
  4 scorpions
  8 wights
  A killer bee (D:10)
  2 electric eels (D:8)
  A hound (D:4)
  2 gnoll boudas
  5 orc priests
  A jelly (D:7)
  A sleepcap (D:6)
  2 iguanas
  13 orc wizards
  A statue (D:9)
  Robin (D:4)
  9 gnolls
  13 adders
  A river rat (D:5)
  4 shadow imps (D:8)
  5 white imps
  8 ufetubi
  2 ribbon worms (D:2)
  4 dart slugs
  35 orcs
  5 ball pythons
  4 bats
  9 endoplasms
  4 giant cockroaches
  13 goblins
  9 hobgoblins
  4 jackals
  18 kobolds
  5 quokkas
  6 frilled lizards
  2 rats
250 creatures vanquished.

Vanquished Creatures (others)
  2 ufetubi (D:8)
  A quokka (D:5)
3 creatures vanquished.

Grand Total: 253 creatures vanquished

Notes
Turn   | Place    | Note
-------+----------+-------------------------------------------
     0 | D:1      | hawla the Felid Shapeshifter began the quest for the Orb.
     0 | D:1      | Reached XP level 1. HP: 10/10 MP: 2/2
    69 | D:1      | Noticed a shining eye
    70 | D:1      | Found a faded altar of an unknown god.
    73 | D:1      | Noticed a great orb of eyes
    73 | D:1      | Noticed a golden eye
    73 | D:1      | Noticed a great orb of eyes
   174 | D:1      | Reached XP level 2. HP: 4/14 MP: 3/3
   936 | D:2      | Identified the +1 spear of Incongruity {speed, ^Drain rPois
                  | MP+9 Stlth+}
   944 | D:2      | Reached XP level 3. HP: 18/18 MP: 4/4
  1504 | D:2      | Found Qaadis's Book Shoppe.
  1656 | D:2      | Reached XP level 4. HP: 22/22 MP: 5/5
  1656 | D:2      | Gained a life (2 lives remaining)
  1993 | D:3      | Reached skill level 4 in Unarmed Combat
  2211 | D:3      | Found a white marble altar of Elyvilon.
  2287 | D:3      | HP: 1/22 [gnoll/+0 flail[a gnoll bouda] (10)]
  2289 | D:3      | Gained mutation: Your magical capacity is low. (-10% MP)
                  | [potion of mutation]
  2289 | D:3      | Gained mutation: You have a somewhat thin skeletal
                  | structure. (Dex +2, Stealth+) [potion of mutation]
  2308 | D:3      | Reached XP level 5. HP: 12/25 MP: 5/5
  2334 | D:3      | HP: 1/37 [gnoll/+0 spear[a gnoll bouda] (4)]
  2786 | D:3      | Found a snail-covered altar of Cheibriados.
  2786 | D:3      | Found a shimmering blue altar of Sif Muna.
  2967 | D:4      | Noticed a black bear
  2975 | D:4      | Killed a black bear
  2976 | D:4      | Reached skill level 5 in Unarmed Combat
  2976 | D:4      | Gained mutation: You are covered in thick fur. (AC +2)
                  | [Felid growth]
  2976 | D:4      | Reached XP level 6. HP: 9/30 MP: 6/6
  3143 | D:4      | Succumbed to a scorpion's poison
  3143 | D:4      | Lost a life (1 life remaining)
  3601 | D:4      | Reached XP level 7. HP: 33/33 MP: 7/7
  3601 | D:4      | Gained a life (2 lives remaining)
  3663 | D:4      | Found an ancient bone altar of Kikubaaqudgha.
  3687 | D:4      | Found a stormy altar of Qazlal.
  3703 | D:4      | Noticed Robin
  3786 | D:4      | Found a glowing silver altar of Zin.
  3816 | D:4      | Killed Robin
  3819 | D:4      | Reached skill level 5 in Shapeshifting
  3917 | D:4      | Found a shadowy altar of Dithmenos.
  3926 | D:5      | Entered Level 5 of the Dungeon
  4047 | D:5      | Reached skill level 6 in Unarmed Combat
  4445 | D:5      | Found an opulent altar of Gozag.
  4445 | D:5      | Found a burning altar of Makhleb.
  4447 | D:5      | Noticed Pikel
  4457 | D:5      | Became a worshipper of Makhleb the Destroyer
  4465 | D:5      | Killed Pikel
  4466 | D:5      | Reached skill level 7 in Unarmed Combat
  4466 | D:5      | Reached XP level 8. HP: 18/37 MP: 8/8
  4615 | D:5      | Found a runed translucent door.
  4617 | D:5      | Noticed MysticSailboat's ghost (amateur TeAE)
  4678 | D:5      | Killed MysticSailboat's ghost
  4679 | D:5      | Reached skill level 8 in Unarmed Combat
  4745 | D:5      | Found a runed translucent door.
  5084 | D:5      | Found a staircase to the Ecumenical Temple.
  5448 | D:6      | Noticed a kobold demonologist
  5470 | D:6      | Noticed a rust devil
  5470 | D:6      | HP: 1/37 [ynoxinul[a kobold demonologist] (11)]
  5470 | D:6      | Slain by an ufetubus
  5470 | D:6      | Lost a life (1 life remaining)
  5509 | D:6      | HP: 1/37 [sky beast (5)]
  5674 | D:6      | Noticed a sun demon
  5675 | D:6      | Noticed an orange demon
  5677 | D:6      | Killed a kobold demonologist
  5678 | D:6      | Reached XP level 9. HP: 12/41 MP: 9/9
  6200 | D:6      | Found Deuroydd's Distillery.
  6204 | D:6      | Bought a potion of heal wounds for 75 gold pieces
  6204 | D:6      | Bought a potion of heal wounds for 75 gold pieces
  6204 | D:6      | Bought a potion of heal wounds for 75 gold pieces
  6204 | D:6      | Bought a potion of curing for 45 gold pieces
  6223 | D:6      | Reached skill level 9 in Unarmed Combat
  6419 | D:6      | Reached * piety under Makhleb
  6663 | D:6      | Reached skill level 1 in Invocations
  6715 | D:7      | Reached skill level 1 in Evocations
  6802 | D:7      | HP: 2/41 [wight/+0 trident (14)]
  6802 | D:7      | Slain by a wight
  6802 | D:7      | Lost a life (0 lives remaining)
  7303 | D:7      | Found a sparkling altar of Nemelex Xobeh.
  7971 | D:8      | Reached ** piety under Makhleb
  8109 | D:8      | Reached skill level 10 in Unarmed Combat
  8218 | D:8      | Found a transporter.
  8235 | D:8      | Found the +6 shillelagh "Devastator" {shatter}
  8494 | D:9      | Noticed a two-headed ogre
  8512 | D:9      | Noticed a troll
  8541 | D:10     | Entered Level 10 of the Dungeon
  8682 | D:10     | Noticed Erolcha
  8720 | D:10     | Identified the +0 robe of the Mind {Slay+2}
  8731 | D:9      | Noticed a cyclops
  8739 | D:9      | Lost mutation: Your magical capacity is low. (-10% MP)
                  | [potion of mutation]
  8739 | D:9      | Lost mutation: You have a somewhat thin skeletal structure.
                  | (Dex +2, Stealth+) [potion of mutation]
  8739 | D:9      | Gained mutation: You have a somewhat thin skeletal
                  | structure. (Dex +2, Stealth+) [potion of mutation]
  8739 | D:9      | Gained mutation: Your flesh is cold resistant. (rC+)
                  | [potion of mutation]
  8785 | D:9      | Noticed a two-headed ogre
  8794 | D:9      | Killed a two-headed ogre
  8795 | D:9      | Reached XP level 10. HP: 25/45 MP: 13/13
  8795 | D:9      | Gained a life (1 life remaining)
  8885 | D:9      | Found a basalt altar of Yredelemnul.
  8885 | D:9      | Found a bloodstained altar of Trog.
  9299 | D:9      | Found a shimmering altar of Xom.
  9371 | D:9      | Reached skill level 5 in Dodging
  9373 | D:9      | Found a staircase to the Lair.
  9744 | D:9      | Found a radiant altar of Vehumet.
  9798 | D:9      | Reached skill level 11 in Unarmed Combat
  9862 | D:9      | Identified the +2 scale mail of Zin's Inspiration {rN+
                  | rCorr Dex+2 Stlth+}
 10069 | D:10     | Reached skill level 5 in Invocations
 10076 | D:10     | Reached *** piety under Makhleb
 10496 | D:10     | Killed a cyclops
 10591 | D:9      | Noticed a centaur warrior
 10600 | D:10     | Killed a two-headed ogre
 10601 | D:10     | Reached skill level 12 in Unarmed Combat
 10601 | D:10     | Reached XP level 11. HP: 46/54 MP: 16/16
 10673 | D:10     | Killed a centaur warrior
 10953 | D:10     | Killed Erolcha
 11095 | D:10     | Noticed a two-headed ogre
 11107 | D:10     | Killed a two-headed ogre
 11320 | D:10     | HP: 2/54 [yak (7)]
 11332 | D:10     | Slain by a yak
 11332 | D:10     | Lost a life (0 lives remaining)
 11423 | D:10     | Noticed a two-headed ogre
 11431 | D:10     | Killed a two-headed ogre
 11609 | D:10     | Noticed Lodul
 11653 | D:10     | Killed from afar by an orc priest

Illustrated notes

Levels and vault maps discovered:
D:1:      reono_arrival_mine, layout_basic,
          hellmonk_ecumenical_altar_watching_god, minmay_misc_feat_rows
D:2:      minmay_spotlight, layout_basic, serial_shops,
          nicolae_book_shop_shelving
D:3:      layout_loops_ring, overflow_temple_1_default,
          amethyst_overflow_temple_binary, eino_tiny_chamber, minmay_ruptured
D:4:      layout_basic, nicolae_overflow_quartered_altars, minmay_starry_boxes,
          uniq_robin
D:5:      layout_cave_pods, nicolae_overflow_two_pavilions,
          minmay_temple_entry_statues, ebering_ghost_sewer_f, uniq_pikel
D:6:      layout_gridville, portal_sewer_entry_d, serial_shops,
          nicolae_shop_back_alley_shop, nicolae_figureground_sparkle
D:7:      layout_loops_corners, nemelex_dance_club_becter
D:8:      layout_cave_pools, serial_demonic, serial_demonic_a, serial_demonic_d,
          serial_demonic_a, serial_demonic_c, minmay_crystal_water,
          nicolae_diode_basic
D:9:      cheibrodos_elevator_heist, layout_stronghold, vehumet_statue,
          xom_butterflies, gammafunk_temple_overflow_elements,
          hellmonk_lair_entry_icy, minmay_misc_feat_chi,
          dreamdust_gnoll_shepherd
D:10:     layout_gridville, david_orc_5, enter_trove_0, uniq_lodul, uniq_erolcha

Skill      XL: |  1  2  3  4  5  6  7  8  9 10 11 |
---------------+----------------------------------+-----
Dodging        | 3 4 5 |  5.6
Shapeshifting  | 3 4 6 7 8 |  8.3
Unarmed Combat | 4 5 7 8 10 12 | 12.7
Invocations    | 3 5 6 |  6.8
Evocations     | 3 |  3.3
Stealth        | 2 |  2.4
Fighting       | 4 |  4.7

Action                     |  1- 3 |  4- 6 |  7- 9 | 10-12 || total
---------------------------+-------+-------+-------+-------++-------
  Melee: Unarmed           |   120 |   165 |   317 |   209 ||   811
         Bite              |    12 |    18 |    45 |    28 ||   103
         Punch             |     2 |     9 |     8 |       ||    19
 Invoke: Minor Destruction |       |       |       |     2 ||     2
         Lesser Servant of |       |       |       |     1 ||     1
  Evoke: Wand              |       |       |     3 |       ||     3
         Condenser vane    |       |       |       |     1 ||     1
    Use: Scroll            |     1 |     7 |    13 |     2 ||    23
         Potion            |       |     4 |    13 |     4 ||    21
   Stab: Sleeping          |     2 |     5 |     2 |     1 ||    10
         Distracted        |       |     1 |       |       ||     1
         Betrayed ally     |       |       |     1 |       ||     1
 Armour: Skin              |    29 |    80 |   174 |    69 ||   352
  Dodge: Dodged            |    93 |   134 |   490 |   200 ||   917
   Form: Flux              |       |       |     1 |       ||     1
